Map: Ley Lines

Players

ReciProcity - Winner!

  • Race: Protoss Protoss
  • League: Diamond
  • Spawn Location: 7:00

최은하일일공공

  • Race: Zerg Zerg
  • League: Diamond
  • Spawn Location: 1:00

VOD

Have the link to the VOD?

Description

Time

  • Played on: Jan. 27, 2025, 12:28 p.m.
  • Length: 5:01
Show
View Real Time Build Order
Export as new Build Order

ReciProcity Protoss - Winner!

Build Orders: 1 Gate Expand, Dark Templar Rush 

Get SALT Encoding   

  12  0:00  Probe  
  13  0:12  Probe  
  14  0:19  Pylon  
  14  0:24  Probe  
  15  0:34  Probe  
  15  0:39  Gateway  
  16  0:42  Probe  
  16  0:48  Assimilator  
  17  0:51  Probe  
  18  1:03  Probe  
  19  1:15  Probe  
  20  1:26  Nexus  
  20  1:35  Cybernetics Core  
  20  1:36  Probe  
  21  1:46  Pylon  
  21  1:50  Assimilator  
  21  1:58  Probe  
  22  2:10  Gateway  
  22  2:15  Probe  
  22  2:16  Twilight Council  
  22  2:18  Warp Gate  
  23  2:27  Probe  
  24  2:31  Stalker  
  26  2:38  Probe  
  26  2:40  Probe  
  28  2:50  Probe  
  29  2:52  Probe  
  29  2:53  Resonating Glaives  
  30  3:01  Adept  
  30  3:05  Probe  
  33  3:06  Probe  
  34  3:17  Probe  
  34  3:18  Probe  
  36  3:21  Dark Shrine  
  36  3:25  Gateway  
  36  3:28  Gateway  
  36  3:29  Probe  
  38  3:39  Robotics Facility  
  38  3:41  Probe x2  
  41  3:53  Probe  
  41  3:54  Probe  
  43  4:05  Probe  
  43  4:06  Probe  
  43  4:07  Adept  
  45  4:10  Pylon  
  45  4:12  Pylon  
  45  4:21  Assimilator  
  45  4:29  Adept x4  
  55  4:52  Nexus  
  55  4:53  Pylon  
Show
View Real Time Build Order
Export as new Build Order

최은하일일공공 Zerg 

Build Orders: Hatch First 

Get SALT Encoding   

  12  0:00  Drone  
  13  0:13  Overlord  
  13  0:18  Drone  
  14  0:31  Drone  
  14  0:32  Drone  
  16  0:46  Hatchery  
  15  0:53  Drone  
  15  0:54  Drone  
  17  0:57  Drone  
  18  1:09  Extractor  
  17  1:15  Spawning Pool  
  16  1:20  Drone x2  
  18  1:29  Drone  
  19  1:39  Drone  
  20  1:49  Overlord  
  20  2:02  Queen x2  
  20  2:03  Zergling x4  
  26  2:10  Drone  
  26  2:12  Drone  
  28  2:17  Metabolic Boost  
  28  2:19  Drone  
  29  2:23  Drone  
  30  2:36  Hatchery  
  29  2:44  Drone x2  
  31  2:48  Queen  
  33  2:52  Overlord  
  33  3:00  Drone x3  
  33  3:04  Overlord  
  36  3:16  Queen  
  36  3:17  Drone x2  
  36  3:18  Drone  
  41  3:20  Drone  
  41  3:27  Drone x3  
  47  3:42  Drone x4  
  55  4:01  Overlord  
  54  4:07  Overlord x3  
  52  4:14  Drone  
  49  4:20  Drone x4  
  49  4:21  Drone x4  
  57  4:28  Roach Warren  
  57  4:29  Extractor, Drone x3, Evolution Chamber  
  57  4:30  Extractor  
  56  4:31  Overlord  
  56  4:35  Drone x3  
  59  4:43  Drone x3  
  59  4:44  Drone x4  
  66  4:47  Drone  
  66  4:50  Extractor  
Tags
 
Add a new tag
Caveats
  • Supply blocks, unpowered buildings, or Contaminate may cause inaccurate times.
  • Supply counts are checked every 10 seconds.